AoeStats
← batata-angolan

Arena

509248287Analyzed
4v4 RM · 5d ago on Sep 26, 2026· 44m 14s· 8 players
Game mode
Random Map
Map size
Large (8 player)
Population
200
Speed
Normal
Resources
Standard
Victory
Conquest
Starting age
Dark Age
Ending age
Imperial Age
RankedLock teamsTeams togetherTeam positionsShared explorationLock speedFull tech treeHidden civsTurbo modeCheats
Victory
Defeat
🇨🇴 Hindustanis · Colombia
705
+20
🇩🇴 Romans · Dominican Republic
693
+20
🇨🇴 Burmese · Colombia
675
+21
🇺🇸 Bohemians · United States
656
+21
🇧🇷 Vietnamese · Brazil
936
-101
🇧🇷 Cumans · Brazil
754
-19
🇧🇷 Tatars · Brazil
718
-18
🇧🇷 Goths · Brazil
717
-18
Comander
0:27 Loom
12:31 Feudal Age
13:02 Horse Collar
17:35 Castle Age
16:02 Double-Bit Axe
20:54 Fervor
21:24 Sanctity
25:29 Fletching
27:02 Chemistry
32:53 Imperial Age
30:45 Redemption
30:36 Atonement
30:37 Devotion
30:05 Pikeman
31:47 Bow Saw
31:40 Heavy Plow
31:46 Squires
31:32 Arson
31:48 Squires
34:06 Wheelbarrow
33:18 Town Watch
32:59 Halberdier
35:41 Two-Man Saw
34:59 Bodkin Arrow
37:00 Hand Cart
36:47 Town Patrol
36:47 Elite Skirmisher
39:07 Heavy Scorpion
39:15 Houfnice
42:00 Siege Engineers
43:34 Conscription
43:21 Wagenburg Tactics
43:23 Hussite Reforms
Nothing happened, go cry!
12:19 Feudal Age
17:19 Castle Age
15:31 Stone Mining
15:55 Double-Bit Axe
16:04 Horse Collar
16:58 Loom
17:32 Gold Mining
19:16 Man-at-Arms
19:57 Squires
24:06 Town Watch
28:39 Fletching
29:29 Wheelbarrow
29:07 Bow Saw
29:53 Gold Shaft Mining
29:42 Bodkin Arrow
29:36 Long Swordsman
30:47 Heavy Plow
31:38 Murder Holes
31:57 Masonry
32:39 Padded Archer Armor
32:47 Elite Skirmisher
37:24 Imperial Age
36:07 Town Patrol
36:22 Fortified Wall
36:30 Leather Archer Armor
38:09 Pikeman
41:12 Conscription
40:16 Elite Centurion
41:52 Hand Cart
43:56 Light Cavalry
44:46 Bloodlines
44:37 Husbandry
Arcanine1220
11:17 Feudal Age
9:51 Loom
16:18 Castle Age
14:56 Double-Bit Axe
17:15 Stone Mining
24:36 Wheelbarrow
27:00 Hand Cart
32:25 Horse Collar
33:24 Caravan
33:27 Gold Mining
34:41 Stone Shaft Mining
39:54 Imperial Age
37:29 Heavy Plow
37:52 Husbandry
40:14 Gold Shaft Mining
39:20 Pikeman
40:00 Squires
39:46 Arson
40:07 Grand Trunk Road
41:36 Elite Ghulam
43:33 Conscription
EL THANOS
0:36 Loom
12:00 Feudal Age
17:53 Castle Age
16:56 Horse Collar
19:11 Heavy Plow
21:36 Gold Mining
21:38 Stone Mining
32:29 Imperial Age
31:15 Wheelbarrow
31:21 Wheelbarrow
30:32 Town Watch
31:42 Gold Shaft Mining
31:12 Caravan
32:15 Manipur Cavalry
32:26 Scale Barding Armor
32:21 Scale Mail Armor
32:32 Forging
33:29 Coinage
33:17 Howdah
34:23 Hand Cart
34:18 Town Patrol
35:38 Chain Barding Armor
35:34 Chain Mail Armor
35:55 Iron Casting
35:35 Elite Battle Elephant
37:39 Chemistry
37:00 Ballistics
36:53 Masonry
37:01 Husbandry
37:18 Bloodlines
38:03 Banking
37:49 Guilds
38:58 Plate Barding Armor
39:38 Blast Furnace
39:20 Treadmill Crane
39:53 Siege Engineers
42:53 Crop Rotation
44:05 Redemption
43:55 Atonement
44:06 Fervor
44:22 Illumination
43:57 Devotion
44:18 Sanctity
43:53 Herbal Medicine
44:15 Block Printing
44:36 Theocracy
43:55 Heated Shot
44:35 Architecture
44:01 Murder Holes
43:57 Guard Tower
44:18 Clinker Construction
44:18 Careening
44:12 Padded Archer Armor
batata-angolan
11:25 Feudal Age
14:03 Loom
19:10 Castle Age
20:11 Double-Bit Axe
20:09 Horse Collar
31:34 Silk Armor
38:06 Bow Saw
38:00 Heavy Plow
Ze taboca5485
6:29 Loom
13:40 Feudal Age
16:34 Man-at-Arms
17:05 Arson
20:52 Horse Collar
20:59 Double-Bit Axe
26:35 Wheelbarrow
28:03 Gold Mining
32:28 Bloodlines
34:54 Castle Age
36:02 Bow Saw
36:30 Gold Shaft Mining
36:20 Hand Cart
37:02 Capped Ram
38:20 Pikeman
39:01 Squires
TokyoTV4173
13:58 Feudal Age
12:13 Loom
14:38 Horse Collar
15:20 Double-Bit Axe
18:25 Wheelbarrow
20:41 Fletching
21:02 Forging
20:53 Scale Mail Armor
20:59 Scale Barding Armor
23:21 Castle Age
24:56 Bodkin Arrow
27:27 Bow Saw
27:40 Hand Cart
28:07 Heavy Plow
34:15 Imperial Age
33:17 Iron Casting
33:14 Gold Mining
33:14 Stone Mining
35:56 Two-Man Saw
35:06 Man-at-Arms
35:09 Pikeman
35:50 Squires
38:05 Chain Barding Armor
38:04 Chain Mail Armor
halou157
14:03 Feudal Age
14:53 Double-Bit Axe
18:18 Man-at-Arms
19:31 Forging
19:22 Scale Mail Armor
26:10 Castle Age
25:15 Scale Barding Armor
26:33 Bloodlines
27:30 Husbandry
29:48 Bow Saw
29:57 Gold Mining
30:50 Chain Barding Armor
34:48 Murder Holes
37:13 Anarchy
37:24 Stone Mining
Connection lost

Rejoining the realm…

Still unreachable

The connection could not be restored.

Session expired

The server has moved on; the page needs a fresh start.